Map: Ulrena

Players

LilDicky - Winner!

  • Race: Terran Terran
  • League: Diamond

KingDeuce

  • Race: Zerg Zerg
  • League: Platinum

VOD

http://www.twitch.tv/tumescentpie

Description

Time

  • Played on: Jan. 3, 2016, 5:28 a.m.
  • Length: 8:17
Show
View Real Time Build Order
Export as new Build Order

LilDicky Terran - Winner!

Build Orders: Command Center First (CC) 

Get SALT Encoding   

  12  0:02  SCV  
  14  0:14  SCV  
  14  0:26  SCV  
  14  0:27  Supply Depot  
  15  0:49  SCV  
  16  0:57  Command Center  
  16  1:10  Barracks  
  16  1:22  SCV  
  17  1:34  SCV  
  18  1:46  SCV  
  19  1:58  Marine  
  19  2:01  Orbital Command  
  20  2:12  Bunker, Orbital Command  
  20  2:16  Barracks, Marine  
  20  2:21  Barracks  
  21  2:30  SCV  
  21  2:34  Marine  
  23  2:54  Marine  
  24  3:05  Marine  
  24  3:10  Marine  
  24  3:12  Marine  
  26  3:15  SCV  
  26  3:16  Barracks  
  26  3:17  Barracks  
  27  3:23  Marine  
  28  3:27  Supply Depot  
  28  3:28  Marine  
  28  3:29  Marine  
  30  3:37  SCV  
  30  3:41  Marine  
  32  3:46  Marine  
  32  3:47  Marine  
  30  4:10  Marine  
  30  4:12  Supply Depot  
  30  4:15  Marine  
  30  4:22  Orbital Command  
  30  4:28  Bunker  
  30  4:29  Marine  
  30  4:30  SCV, Marine  
  30  4:31  Marine x2  
  35  4:33  Marine  
  35  4:36  Barracks  
  35  4:37  Barracks  
  36  4:47  Marine  
  36  4:48  Marine x3  
  36  4:50  SCV x2  
  36  4:51  Marine  
  43  5:01  Bunker  
  43  5:04  SCV x2  
  43  5:05  Refinery x2  
  46  5:08  Marine  
  46  5:18  SCV  
  46  5:19  Marine  
  41  5:21  Supply Depot  
  41  5:22  Supply Depot  
  40  5:38  Marine  
  40  5:39  Marine x5  
  40  5:42  Marine  
  46  5:43  SCV x2  
  46  5:44  Supply Depot  
  49  5:56  Marine  
  49  5:57  Marine x3  
  48  6:00  Barracks Tech Lab, Marine  
  48  6:01  Barracks Tech Lab  
  48  6:03  SCV x2  
  49  6:10  Command Center  
  49  6:14  Marine x2  
  49  6:15  Marine x2  
  49  6:18  Marine  
  53  6:22  Marine  
  53  6:23  Marine  
  56  6:32  Marine x3  
  58  6:33  Marine  
  58  6:39  Marine  
  60  6:40  Marine x2  
  61  6:50  Marine x4  
  61  6:52  Combat Shields  
  61  6:57  Marine  
  61  6:58  Marine x2  
  60  7:07  Marine  
  60  7:08  Marine x3  
  61  7:09  SCV  
  61  7:11  Command Center  
  61  7:15  Marine  
  64  7:16  Marine  
  64  7:18  Factory  
  66  7:24  SCV x2  
  66  7:25  Orbital Command  
  59  7:37  Marine x2  
  59  7:39  Barracks Reactor  
  59  7:40  Barracks Reactor x2  
  59  7:41  Barracks Reactor  
  58  7:48  SCV  
  58  7:49  Factory  
  58  7:51  SCV x2  
  61  7:52  Marine  
  61  7:54  Marine  
  63  8:00  SCV  
Show
View Real Time Build Order
Export as new Build Order

KingDeuce Zerg 

Build Orders: Pool First, Zergling Baneling 

Get SALT Encoding   

  12  0:01  Drone  
  13  0:08  Drone  
  14  0:19  Extractor  
  14  0:20  Drone, Extractor  
  13  0:22  Drone  
  16  0:28  Overlord  
  16  0:56  Drone  
  17  0:59  Extractor  
  17  1:01  Spawning Pool  
  15  1:25  Hatchery  
  15  1:26  Drone  
  15  1:29  Drone  
  16  1:33  Drone  
  17  1:44  Drone  
  18  1:49  Zergling x2  
  19  2:01  Queen  
  19  2:03  Zergling x2  
  22  2:19  Overlord  
  22  2:42  Baneling Nest  
  21  2:44  Hatchery  
  19  3:00  Zergling x2  
  19  3:01  Zergling x10  
  24  3:13  Zergling x8  
  24  3:18  Metabolic Boost  
  28  3:24  Zergling x2  
  29  3:27  Zergling x2  
  29  3:29  Baneling  
  29  3:31  Baneling  
  29  3:34  Baneling  
  30  3:36  Baneling  
  30  3:46  Baneling x2  
  30  3:48  Baneling  
  30  3:49  Baneling x2  
  24  4:16  Zergling x4  
  20  4:20  Queen  
  22  4:25  Drone x2  
  22  4:26  Drone x2  
  22  4:27  Drone  
  27  4:38  Zergling x2  
  26  4:39  Zergling x4  
  26  4:43  Extractor  
  27  4:47  Zergling x2  
  27  4:51  Drone  
  29  5:01  Baneling  
  29  5:02  Baneling x2  
  29  5:04  Overlord  
  24  5:30  Zergling x2  
  24  5:31  Zergling x12  
  29  5:38  Zergling x2  
  27  5:59  Zergling x10  
  27  6:00  Drone  
  27  6:02  Baneling  
  32  6:04  Baneling  
  32  6:23  Zergling x2  
  32  6:25  Drone x2  
  35  6:26  Drone  
  35  6:31  Overlord  
  34  6:43  Spine Crawler  
  25  6:54  Zergling x6  
  25  6:55  Zergling x4  
  30  7:13  Baneling  
  30  7:14  Baneling  
  28  7:20  Roach Warren  
  27  7:27  Zergling x2  
  27  7:28  Zergling x6  
  27  7:29  Zergling x2  
  29  7:42  Zergling x2  
  29  7:43  Drone  
  31  8:03  Hatchery  
Tags
 
Add a new tag
Caveats
  • Supply blocks, unpowered buildings, or Contaminate may cause inaccurate times.
  • Supply counts are checked every 10 seconds.